3084 views
Uploaded 2020-08-31 06:09:40
Game version 1.32.8
18:30 long 1on1 ladder game on (4)TwistedMeadows
Saved by Spark
3084 views
Uploaded 2020-08-31 06:09:40
Game version 1.32.8
18:30 long 1on1 ladder game on (4)TwistedMeadows

61 units @ 6.6k
/ 0.8k
29 buildings @ 5.2k
/ 2.5k


| Staff of Preservation | 1 | 150 |
| Potion of Healing | 4 | 600 |
| Potion of Mana | 1 | 200 |
| Lesser Clarity Potion | 3 | 210 |
| Orb of Venom | 1 | 325 |
| Moonstone | 1 | 50 |
| Dust of Appearance | 1 | 75 |
| Scroll of Town Portal | 1 | 350 |
| Boots of Speed | 1 | 250 |
| Potion of Lesser Invulnerability | 1 | 150 |
| total: | 15 | 2360g |
| Wisp | 42 | 2520 | / | 0 |
| Archer | 5 | 650 | / | 50 |
| Druid of the Claw | 7 | 1785 | / | 560 |
| Dryad | 1 | 145 | / | 60 |
| Goblin Shredder | 1 | 375 | / | 100 |
| Ogre Mauler | 2 | 600 | / | 0 |
| Mud Golem | 2 | 290 | / | 20 |
| Forest Troll Berserker | 1 | 245 | / | 30 |
| total: | 61 | 6610g | / | 820w |
| Ancient Protector | 5 | 675 | / | 400 |
| Altar of Elders | 1 | 180 | / | 50 |
| Moon Well | 8 | 1440 | / | 320 |
| Ancient of War | 4 | 600 | / | 240 |
| Tree of Life | 3 | 1020 | / | 555 |
| Hunter's Hall | 2 | 420 | / | 200 |
| Ancient of Wonders | 1 | 90 | / | 30 |
| Ancient of Lore | 5 | 775 | / | 725 |
| Tree of Ages | 2 | 640 | / | 360 |
| Tree of Eternity | 1 | 330 | / | 200 |
| total: | 29 | 5200g | / | 2520w |
| 0:02 | Wisp |
| 0:02 | Wisp |
| 0:05 | Altar of Elders |
| 0:17 | Moon Well |
| 0:28 | Wisp |
| 0:31 | Ancient of War |
| 0:38 | Wisp |
| 0:52 | Wisp |
| 0:52 | Wisp |
| 1:12 | Wisp |
| 1:26 | Wisp |
| 1:32 | Archer |
| 1:37 | Wisp |
| 1:41 | Moon Well |
| 1:51 | Wisp |
| 2:20 | Ancient of War |
| 2:33 | Mana Burn |
| 2:37 | Wisp |
| 2:37 | Wisp |
| 3:27 | Tree of Life |
| 3:30 | Wisp |
| 3:30 | Wisp |
| 3:58 | Tree of Ages |
| 4:05 | Evasion |
| 5:04 | Hunter's Hall |
| 5:05 | Moon Well |
| 5:06 | Ancient of Wonders |
| 5:07 | Moon Well |
| 5:09 | Archer |
| 5:13 | Archer |
| 5:33 | Boots of Speed |
| 5:34 | Dust of Appearance |
| 5:39 | Archer |
| 5:44 | Wisp |
| 6:01 | Archer |
| 6:19 | Wisp |
| 6:22 | Staff of Preservation |
| 6:41 | Wisp |
| 6:44 | Ancient of Lore |
| 6:48 | Mana Burn |
| 7:01 | Frost Arrows |
| 7:37 | Ogre Mauler |
| 8:06 | Tree of Eternity |
| 8:07 | Ancient of Lore |
| 8:12 | Wisp |
| 8:12 | Wisp |
| 8:12 | Wisp |
| 8:18 | Improved Bows |
| 8:28 | Goblin Shredder |
| 8:37 | Ogre Mauler |
| 8:37 | Mud Golem |
| 8:54 | Nature's Blessing |
| 9:07 | Ancient Protector |
| 9:12 | Forked Lightning |
| 9:15 | Ancient Protector |
| 9:17 | Potion of Healing |
| 9:25 | Scroll of Town Portal |
| 10:06 | Strength of the Wild |
| 10:08 | Druid of the Claw Adept Training |
| 10:18 | Tree of Life |
| 10:24 | Druid of the Claw |
| 10:39 | Druid of the Claw Master Training |
| 10:42 | Ancient Protector |
| 10:52 | Forked Lightning |
| 11:03 | Backpack |
| 11:18 | Improved Strength of the Wild |
| 11:34 | Wisp |
| 11:52 | Evasion |
| 12:03 | Druid of the Claw |
| 12:25 | Potion of Lesser Invulnerability |
| 12:29 | Tree of Life |
| 12:58 | Druid of the Claw |
| 13:07 | Potion of Healing |
| 13:13 | Potion of Mana |
| 13:40 | Lesser Clarity Potion |
| 13:47 | Hunter's Hall |
| 13:49 | Druid of the Claw |
| 13:59 | Orb of Venom |
| 14:03 | Potion of Healing |
| 14:07 | Potion of Healing |
| 14:11 | Frost Arrows |
| 14:32 | Moonstone |
| 14:34 | Druid of the Claw |
| 14:35 | Druid of the Claw |
| 14:37 | Moon Well |
| 14:43 | Lesser Clarity Potion |
| 14:47 | Wisp |
| 14:48 | Wisp |
| 14:48 | Wisp |
| 14:48 | Wisp |
| 14:50 | Lesser Clarity Potion |
| 14:59 | Druid of the Claw |
| 15:00 | Wisp |
| 15:14 | Ancient of Lore |
| 15:14 | Wisp |
| 15:14 | Wisp |
| 15:16 | Moon Well |
| 15:21 | Mud Golem |
| 15:22 | Forest Troll Berserker |
| 15:36 | Ancient Protector |
| 15:37 | Advanced Strength of the Wild |
| 15:38 | Wisp |
| 15:48 | Wisp |
| 15:49 | Wisp |
| 15:49 | Wisp |
| 15:55 | Ancient of Lore |
| 15:57 | Ancient of Lore |
| 15:58 | Wisp |
| 15:58 | Wisp |
| 15:59 | Wisp |
| 16:18 | Wisp |
| 16:18 | Wisp |
| 16:31 | Wisp |
| 16:37 | Wisp |
| 16:37 | Wisp |
| 16:54 | Wisp |
| 17:08 | Wisp |
| 17:11 | Tree of Ages |
| 17:13 | Dryad |
| 17:41 | Ancient of War |
| 17:44 | Ancient of War |
| 17:46 | Ancient Protector |
| 17:52 | Moon Well |
| 17:53 | Moon Well |
| Right click | 957 |
| Select | 396 |
| Select group | 352 |
| Build/train/purchase | 134 |
| Assign group | 56 |
| Use ability | 56 |
| Chat | 42 |
| Misc. action | 7 |
| Item give/drop | 2 |
| Esc | 1 |
30 units @ 4.8k
/ 0.9k
11 buildings @ 1.8k
/ 0.8k


| Dust of Appearance | 1 | 75 |
| Scroll of Healing | 2 | 500 |
| Boots of Speed | 1 | 250 |
| Scroll of Protection | 2 | 300 |
| Potion of Lesser Invulnerability | 1 | 150 |
| total: | 7 | 1275g |
| Wisp | 11 | 660 | / | 0 |
| Archer | 2 | 260 | / | 20 |
| Druid of the Claw | 8 | 2040 | / | 640 |
| Dryad | 2 | 290 | / | 120 |
| Forest Troll Shadow Priest | 3 | 585 | / | 30 |
| Forest Troll Berserker | 4 | 980 | / | 120 |
| total: | 30 | 4815g | / | 930w |
| Ancient Protector | 1 | 135 | / | 80 |
| Altar of Elders | 1 | 180 | / | 50 |
| Moon Well | 4 | 720 | / | 160 |
| Ancient of War | 1 | 150 | / | 60 |
| Hunter's Hall | 1 | 210 | / | 100 |
| Ancient of Wonders | 1 | 90 | / | 30 |
| Ancient of Lore | 2 | 310 | / | 290 |
| Tree of Ages | 1 | 320 | / | 180 |
| Tree of Eternity | 1 | 330 | / | 200 |
| total: | 11 | 1795g | / | 770w |
| 0:01 | Wisp |
| 0:01 | Wisp |
| 0:05 | Altar of Elders |
| 0:16 | Moon Well |
| 0:24 | Ancient of War |
| 0:32 | Wisp |
| 0:42 | Wisp |
| 0:48 | Wisp |
| 0:59 | Wisp |
| 1:15 | Wisp |
| 1:24 | Wisp |
| 1:26 | Archer |
| 1:37 | Moon Well |
| 2:03 | Mana Burn |
| 2:04 | Wisp |
| 2:04 | Wisp |
| 2:45 | Evasion |
| 2:48 | Forest Troll Shadow Priest |
| 3:38 | Tree of Ages |
| 4:24 | Forest Troll Berserker |
| 4:24 | Forest Troll Berserker |
| 5:04 | Moon Well |
| 5:06 | Archer |
| 5:12 | Forest Troll Berserker |
| 5:29 | Hunter's Hall |
| 5:37 | Mana Burn |
| 6:24 | Boots of Speed |
| 6:26 | Dust of Appearance |
| 6:29 | Frost Arrows |
| 6:37 | Ancient of Lore |
| 6:41 | Wisp |
| 7:25 | Tree of Eternity |
| 7:45 | Ancient of Lore |
| 8:22 | Druid of the Claw Adept Training |
| 8:31 | Forest Troll Shadow Priest |
| 8:31 | Forest Troll Shadow Priest |
| 8:38 | Moon Well |
| 9:05 | Druid of the Claw |
| 9:06 | Druid of the Claw |
| 9:10 | Ancient of Wonders |
| 9:48 | Druid of the Claw Master Training |
| 9:51 | Druid of the Claw |
| 9:51 | Druid of the Claw |
| 10:10 | Forked Lightning |
| 10:17 | Druid of the Claw |
| 10:34 | Scroll of Healing |
| 10:39 | Scroll of Protection |
| 10:56 | Druid of the Claw |
| 11:06 | Strength of the Wild |
| 11:13 | Mark of the Claw |
| 11:34 | Abolish Magic |
| 12:02 | Ancient Protector |
| 12:09 | Improved Strength of the Wild |
| 12:10 | Dryad |
| 12:57 | Evasion |
| 13:47 | Forked Lightning |
| 14:15 | Druid of the Claw |
| 14:46 | Advanced Strength of the Wild |
| 14:55 | Druid of the Claw |
| 14:57 | Dryad |
| 15:04 | Scroll of Healing |
| 15:04 | Potion of Lesser Invulnerability |
| 15:04 | Scroll of Protection |
| 15:42 | Forest Troll Berserker |
| 15:56 | Reinforced Hides |
| 15:56 | Improved Reinforced Hides |
| Right click | 1424 |
| Select | 639 |
| Select group | 555 |
| Misc. action | 453 |
| Use ability | 132 |
| Build/train/purchase | 98 |
| Chat | 62 |
| Assign group | 50 |
| Item give/drop | 5 |